Cogmind - Beta 16.1 @@@ ROGUE MODE // 2026.03.21 @ 17:51:15 Player: APerTAS Result: Destroyed by G-34 Mercenary with Small Laser Performance ------------- Evolutions (0) 0 Regions Visited (2) 400 Robots Destroyed (8) 40 Value Destroyed (152) 152 Prototype IDs (0) 0 Alien Tech Used (0) 0 Bonus (0) 0 TOTAL SCORE: 592 Bonus ------- None Cogmind --------- Core Integrity 0/250 Matter 101/300 Energy 100/100 System Corruption 0% Temperature Cool (6) Movement Core (50) Location -10/Mines Parts ------- > --- POWER (1) -------- (None) > --- PROPULSION (2) --- (None) > --- UTILITY (2) ------ (None) > --- WEAPON (2) ------- (None) > --- INVENTORY (5) ---- (None) Peak State ------------ > --- POWER ------------ (None) > --- PROPULSION ------- Aluminum Leg > --- UTILITY ---------- Targeting Computer Targeting Computer > --- WEAPON ----------- Grenade Launcher > --- INVENTORY -------- (None) [Rating: 4] Favorites ----------- Power None Propulsion Aluminum Leg Leg Aluminum Leg Utility Targeting Computer Device Tractor Beam Processor Targeting Computer Weapon Grenade Launcher Energy Gun Small Laser Ballistic Gun Assault Rifle Launcher Grenade Launcher Build | -11 -10 -10 ------- Run | Yrd Mat Min Slots Evolved . | . . . Power . | . . . Propulsion . | . . . Utility . | . . . Weapon . | . . . Parts Attached 8 | . 7 1 Power . | . . . Engine . | . . . Core . | . . . Reactor . | . . . Propulsion 1 | . 1 . Treads . | . . . Leg 1 | . 1 . Wheel . | . . . Hover . | . . . Flight . | . . . Utility 3 | . 3 . Device 1 | . 1 . Storage . | . . . Processor 2 | . 2 . Hackware . | . . . Protection . | . . . Artifact . | . . . Weapon 4 | . 3 1 Energy Gun 1 | . 1 . Energy Cannon . | . . . Ballistic Gun 1 | . 1 . Ballistic Cannon . | . . . Launcher 2 | . 1 1 Special Weapon . | . . . Impact Weapon . | . . . Slashing Weapon . | . . . Piercing Weapon . | . . . Special Melee Weapon . | . . . Unidentified Prototypes . | . . . Parts Lost 4 | . 1 3 Power . | . . . Propulsion . | . . . Utility 1 | . . 1 Weapon 3 | . 1 2 Highest Loss Streak 3 | . 1 3 To Critical Strikes 1 | . 1 . Average Backups . | . . . Power . | . . . Propulsion . | . . . Utility . | . . . Weapon . | . . . Tool/Special . | . . . Unused Backups . | . . . Power . | . . . Propulsion . | . . . Utility . | . . . Weapon . | . . . Tool/Special . | . . . Average Slot Usage (%) 32 | . 37 19 Leg 5 | . 7 . Device 3 | . 1 8 Processor 13 | . 18 . Ballistic Gun 3 | . 1 11 Launcher 5 | . 7 . Peak Build Rating 4 | . 4 2 Average Rating 2 | . 2 1 On Entrance . | . . 2 Avg Prop Armor Cover (%) . | . . . Naked Turns 26 | . 19 7 Heaviest Build 3 | . 3 3 Greatest Support 10 | 3 10 3 Greatest Overweight (x) . | . . . Average Overweight (x) . | . . . Largest Inventory Capacity 5 | 5 5 5 Average Capacity 5 | 5 5 5 Most Carried 1 | . 1 1 Average Carried . | . . . Final Capacity 5 | 5 5 5 Final Carried 1 | . 1 . Class Distribution -------------------- 100% | Mutant Dominant Class ---------------- Mutant | -10/Materials Mutant | -10/Mines Resources | -11 -10 -10 ----------- Run | Yrd Mat Min Matter Collected 152 | 76 73 3 Remotely 51 | . 51 . Salvage Created 125 | . 88 37 Parts 17 | . 15 2 Haulers Intercepted . | . . . Recyclers Shooed . | . . . Parts Field Recycled . | . . . Retrieved Matter . | . . . Parts Self-Destructed . | . . . Prevented . | . . . Parts Restored . | . . . Kills | -11 -10 -10 ------- Run | Yrd Mat Min Combat Hostiles Destroyed 7 | . 6 1 Guns 2 | . 2 . AOE 5 | . 4 1 Classes Destroyed 3 | . 3 . Worker 1 | . 1 . Swarmer 5 | . 5 . Grunt 2 | . 1 1 Best Kill Streak 7 | . 7 1 Combat Bots Only 6 | . 6 1 Max Kills in Single Turn 2 | . 2 1 Gunslinging . | . . . Exploded 2 | . 2 1 Melee . | . . . Uniques/NPCs Destroyed . | . . . Combat | -11 -10 -10 -------- Run | Yrd Mat Min Hostile Shots Fired 48 | . 25 23 Missed 15 | . 12 3 Hits 33 | . 13 20 Projectile 33 | . 13 20 Critical Strikes 2 | . 1 1 Damage Taken 527 | . 136 391 Core 253 | . 49 204 Absorbed by Shields . | . . . Core Remaining (%) 100 | 100 . . Volleys Fired 23 | . 12 11 Largest 1 | . 1 1 Hottest 40 | . 40 30 Shots Fired 23 | . 12 11 Gun 15 | . 7 8 Cannon . | . . . Launcher 8 | . 5 3 Special . | . . . Kinetic 8 | . . 8 Thermal 7 | . 7 . Explosive 8 | . 5 3 Electromagnetic . | . . . Robot Hit Streak 7 | . 2 7 Robot Miss Streak 3 | . 3 1 Penetration Max . | . . . Secondary Targets . | . . . Shots Hit Robots 14 | . 5 9 Core Hits 16 | . 11 5 Critical Kills . | . . . Critical Parts Destroyed . | . . . Critical Strikes . | . . . Melee Attacks . | . . . Impact . | . . . Slashing . | . . . Piercing . | . . . Sneak Attacks . | . . . Combat Hostiles . | . . . Follow-up Attacks . | . . . Damage Inflicted 637 | . 340 297 Guns 128 | . 45 83 Cannons . | . . . Explosions 501 | . 295 206 Melee . | . . . Ramming 8 | . . 8 Kinetic 83 | . . 83 Thermal 118 | . 45 73 Explosive 428 | . 295 133 Electromagnetic . | . . . Impact . | . . . Slashing . | . . . Piercing . | . . . Highest Corruption . | . . . Average Corruption . | . . . Corruption Purged . | . . . Corruption Blocked . | . . . Overload Shots . | . . . Overflow Damage . | . . . Projectiles . | . . . Explosions . | . . . Melee . | . . . Knockbacks . | . . . Impact . | . . . Kinetic . | . . . Secondary . | . . . Self-Inflicted Damage 153 | . 32 121 Shots 4 | . 1 3 Rammed 4 | . . 4 Targets Rammed 4 | . . 4 Kicked . | . . . Crushed . | . . . Highest Temperature 12 | . . 12 Average Temperature 6 | . . 6 Received Heat Transfer 162 | . . 162 Siege Activations . | . . . Martial Activations . | . . . Shielding Activations . | . . . Robots Disrupted . | . . . Combat Hostiles . | . . . Robots Corrupted . | . . . Combat Hostiles . | . . . Parts Fried . | . . . Impact Corruptions . | . . . Robots Melted . | . . . Combat Hostiles . | . . . Parts Melted . | . . . Heat Transferred 200 | . 100 100 Parts Sabotaged . | . . . Parts Stolen . | . . . Parts Stripped . | . . . Power Chain Reactions . | . . . Alert | -11 -10 -10 ------- Run | Yrd Mat Min Maximum Alert Level . | . . . Low Security (%) 100 | 100 100 100 Level 1 . | . . . Level 2 . | . . . Level 3 . | . . . Level 4 . | . . . Level 5 . | . . . High Security . | . . . Max Security . | . . . Peak Influence 173 | . 173 96 Initial 59 | . . 59 Average 66 | . 72 65 Influence Increases 290 | . 223 67 Destroy 0b10 Robot/C 140 | . 120 20 Destroy 0b10 Robot/NC 5 | . 5 . Destroy Leader 40 | . 30 10 Select Force Hacks 30 | . 30 . Disable Machine 30 | . 15 15 Destroy Structure 45 | . 23 22 Influence Decreases 204 | . 70 134 Entered New Map 94 | . . 94 Time Decay 70 | . 60 10 Lost Part 40 | . 10 30 Squads Dispatched 3 | . 3 . Investigation 3 | . 3 . Extermination . | . . . Reinforcement . | . . . Assault . | . . . Garrison . | . . . Intercept . | . . . Searches Triggered . | . . . Construction Impeded . | . . . Haulers Reinforced . | . . . Active Scanning Responses . | . . . Cargo Convoy Interrupts . | . . . Stealth | -11 -10 -10 --------- Run | Yrd Mat Min Distress Signals 1 | . 1 . Communications Jammed . | . . . Distress Signals . | . . . Times Spotted 12 | . 10 2 Peak Tracking Total 7 | . 7 2 Tactical Retreats . | . . . Traps | -11 -10 -10 ------- Run | Yrd Mat Min Traps Triggered 1 | . 1 . Indirectly . | . . . Trap Hack Attempts . | . . . Triggered . | . . . Disarmed . | . . . Reprogrammed . | . . . Reused . | . . . Traps Extracted . | . . . Installed . | . . . Triggered . | . . . Machines | -11 -10 -10 ---------- Run | Yrd Mat Min Machines Disabled 2 | . 1 1 Max in Single Turn 1 | . 1 1 Machines Repaired . | . . . Machines Dismantled . | . . . Machines Sabotaged . | . . . Overloaded Fab Kills . | . . . Hacking | -11 -10 -10 --------- Run | Yrd Mat Min Machines Accessed 2 | . 2 . Terminals 1 | . 1 . Fabricators . | . . . Repair Stations . | . . . Recycling Units 1 | . 1 . Scanalyzers . | . . . Garrison Access . | . . . Total Hacks 4 | . 4 . Successful 3 | . 3 . Failed 1 | . 1 . Catastrophic . | . . . Database Lockouts . | . . . Manual 4 | . 4 . Terminals 2 | . 2 . Fabricators . | . . . Repair Stations . | . . . Recycling Units 2 | . 2 . Scanalyzers . | . . . Garrison Access . | . . . Terminal Hacks . | . . . Fabricator Hacks . | . . . Repair Station Hacks . | . . . Recycling Unit Hacks . | . . . Scanalyzer . | . . . Garrison Access Hacks . | . . . Unauthorized Hacks 3 | . 3 . Terminals 1 | . 1 . Sabotage 1 | . 1 . Fabricators . | . . . Repair Stations . | . . . Recycling Units 2 | . 2 . Recyclers 1 | . 1 . Tunnel 1 | . 1 . Scanalyzers . | . . . Garrison Access . | . . . Data Cores Recovered . | . . . Used . | . . . Hacking Detections 1 | . 1 . Full Trace Events . | . . . Feedback Events . | . . . Feedback Blocked . | . . . Robot Schematics Acquired . | . . . Robots Built . | . . . Authchips . | . . . Time . | . . . Total Robot Build Rating . | . . . Part Schematics Acquired . | . . . Parts Built . | . . . Authchips . | . . . Time . | . . . Total Part Build Rating . | . . . Part Studies Acquired . | . . . Parts Repaired . | . . . Time . | . . . Parts Recycled . | . . . Recycled Matter . | . . . Retrieved Matter . | . . . Retrieved Components . | . . . Parts Scanalyzed . | . . . Part Schematics Acquired . | . . . Parts Damaged . | . . . Bothacking | -11 -10 -10 ------------ Run | Yrd Mat Min Used RIF Installer . | . . . Robots Hacked . | . . . Non-combat . | . . . Combat . | . . . Robot Hacks Applied . | . . . Relay Couplers Released . | . . . Fabnet Peak Effective % . | . . . Robots Rewired . | . . . Allies Hacked . | . . . Hacks Repelled . | . . . Allies | -11 -10 -10 -------- Run | Yrd Mat Min Total Allies . | . . . Largest Group . | . . . Highest-Rated Group . | . . . Highest-Rated Ally . | . . . Total Orders . | . . . Ally Attacks . | . . . Total Damage . | . . . Kills . | . . . Allies Corrupted . | . . . Allies Melted . | . . . Intel | -11 -10 -10 ------- Run | Yrd Mat Min Active Infowar (turns) . | . . . Robot Analysis Total . | . . . Derelict Logs Recovered . | . . . Drone Launches . | . . . Drone Recoveries . | . . . Exploration | -11 -10 -10 ------------- Run | Yrd Mat Min Turns Passed 174 | 10 126 38 Spaces Moved 172 | 21 130 21 Core 135 | 21 93 21 Treads . | . . . Legs 37 | . 37 . Wheels . | . . . Hover . | . . . Flight . | . . . Fastest Speed 50 | 50 50 50 Average Speed 65 | 50 69 50 Slowest Speed 120 | 50 120 50 Overloaded Moves . | . . . Propulsion Burnouts . | . . . Robots Hopped . | . . . Potential Cave-ins . | . . . Cave-ins Triggered . | . . . Exploration Rate (%) 13 | 3 27 11 Regions Visited 2 Branch Regions 1 Pre-discovered Areas 1 | . 1 . Known Exits Taken . | . . . Unknown Exits Taken 2 | 1 1 . Scrap Searched . | . . . Spaces Dug . | . . . Terrain Destroyed 60 | . 27 33 Melee . | . . . Projectile . | . . . AOE 60 | . 27 33 Terrain Rammed . | . . . Walls Destroyed . | . . . Machines Disabled . | . . . Actions | -11 -10 -10 --------- Run | Yrd Mat Min Total 206 | 20 149 37 Wait . | . . . Move 170 | 20 129 21 Hop . | . . . Pick Up 1 | . 1 . Fast Attach 7 | . 7 . Attach 1 | . . 1 Detach . | . . . Swap . | . . . Drop . | . . . Fire 23 | . 12 11 Melee . | . . . Ram 4 | . . 4 Kick . | . . . Crush . | . . . Escape Stasis . | . . . Rewire . | . . . Trap . | . . . Miscellaneous . | . . . Route ------- -11/Scrapyard -10/Materials -10/Mines History --------- Turn | Location | Event 3 | -11/Scrapyard | Discovered new exit (range 15) 11 | -11/Scrapyard | Entered Materials 109 | -10/Materials | Released all parts (4) 133 | -10/Materials | Discovered new exit (range 9) 137 | -10/Materials | Entered Mines 164 | -10/Mines | Core integrity fell below 50% 164 | -10/Mines | Core integrity fell below 20% 175 | -10/Mines | Destroyed by G-34 Mercenary with Small Laser Last Messages --------------- 00129_ An alarm sounds. 00129_ ALERT: Alarm triggered, dispatching investigation squad. 00130_ U-05 Engineer lays Concrete. 00131_ U-05 Engineer builds a Door. 00132_ Acquired 33 matter. 00132_ Acquired 18 matter. 00133_ EXIT=FOUND 00133_ U-05 Engineer lays Concrete. 00135_ U-05 Engineer builds a Wall. LOCATION=UNKNOWN GOAL=ESCAPE 00150_ Critical hit (Burn: +37). 00159_ Tractor Beam destroyed. 00161_ Assault Rifle destroyed. 00163_ Plasma Injector explodes. 00163_ G-47 Trooper destroyed. 00169_ Grenade Launcher destroyed. 00169_ Acquired 3 matter. 00171_ Slammed into G-34 Mercenary. 00174_ Destabilizing: Core damaged (-12). Map ----- +----------------------------------------------------+ | | | | | | | | | | | | | | | | | | | | | | | | | | | | | | | | | | | | | | | ?????????????????????????????????????????????????? | | ?????????????????????????????????????????????????? | | ??????????????????????#######????????????????????? | | ?????????????????????## #??????? ???????????? | | ?????????????????????# ##?????? ???????????? | | ?????????????????????# #?????? ???????????? | | ??????????????######## @ #?????? #??????????? | | ????????????# [g #?????# #??????????? | | ????????????# #######; ##????# #??????????? | | ????????????????????#; #????# #???? ?????? | | ????????????????????#; #????# #???? ?????? | | ????????????????????##;;;; ;# #????# #??? ??????? | | ?????????????????????## ### #????# #??? ??????? | | ??????????????????????#####?# ####?# #?? #??????? | | ????????????????????????????# #?# #?? #??????? | | ????????????????????????????#### #?# #?? #??????? | | ???????????????????????????????# ### #? #??????? | | ???????????????????????????????# ## ###????? | | ???????????????????????????????##### # ##???? | | ???????????????????????????????????# #???? | | ???????????????????????????????????# ### # | | ???????????????????????????????????# # | | ???????????????????????????????????## ### # | | ????????????????????????????????????## ##???? | | ?????????????????????????????????????# ##????? | | ?????????????????????????????????????## #?????? | | ??????????????????????????????????????? ????? | | ??????????????????????????????????????? #####???? | | ??????????????????????????????????????? #???????? | | ??????????????????????????????????????? #???????? | | ??????????????????????????????????????? #???????? | +----------------------------------------------------+ Best States ------------- Heat Dissipation 25 Energy Generation 5 Energy Capacity 100 Matter Stores 176 Matter Capacity 300 Sight Range 16 Terrain Scan Density 10 Evasion (%) 55 Targeting Accuracy 10 Item Schematics ----------------- None Robot Schematics ------------------ None Fabricated ------------ Nothing Repaired ---------- Nothing Studied --------- None Alien Tech Used ----------------- None Achievements -------------- None Challenges ------------ None Game ------ Seed AlphaZioniteActivator Manual? 0 Play Time 00:02:23 Cumulative 30.9 hours Start 2026.03.21 @ 17:49:16 End 2026.03.21 @ 17:51:15 Sessions 1 Manual Loads 0 Difficulty Rogue Special Mode None Game No. 134 Rogue 134 Adventurer 0 Explorer 0 Win Type - Total 0 Types 0/0/0/0/0/0/0/0/0/0 Lore% 35 Gallery% 28 Achievement% 36 Wizard Run 0 Options --------- Layout 0 ASCII 0 Keyboard 0 Movement Arrows Keybinds 0 Fullscreen 2 Font 18/Terminus Map View 76x50 Zoom Use 0% Tactical HUD 1 Map Filters NONE Filters NONE Steam 1 RUN: 954e891e-14ca-45c4-bb7f-46a8f6ff1cbd